cohdb
Replays
Latest Replays
All Replays
Popular Replays
Top Player Replays
Match Explorer
How It Works
Community
CoH3 Stats
Reddit
Sign in to upload your games and track your stats! →
Sign in with Steam
Match 42085663
Unlisted
Match 42085663
Overview
Messages
Build Orders
End
Selects Italian Infantry
Panzerpioneer Squad
Panzerpioneer Squad
Kradschützen Motorcycle Team
Panzerpioneer Squad
Construct Light Support Kompanie
Panzerjäger Squad
2.5-tonne Medical Truck
MG34 Team
Panzerjäger Mechanized Group
2.5-tonne Medical Truck
Fire Support Elements
Selects Guastatori Squad
Guastatori Squad
Guastatori Squad
Construct Panzerarmee Kommand
Pak 38 Mechanized Group
2.5-tonne Medical Truck
UH|dun! ツ
UH|ck
MoggenZombji
Mauan
0
0
Comments
sign in to comment!
No comments posted yet!